 Dungeon Crawl Stone Soup version 0.18.1-48-g4cf74bf (webtiles) character file.

53 Alarkh the Slasher (level 3, 0/27 HPs)
             Began as a Mummy Skald on Sept 13, 2016.
             Slain by a quokka (5 damage)
             ... on level 2 of the Dungeon.
             The game lasted 00:01:43 (1602 turns).

Alarkh the Slasher (Mummy Skald)                    Turns: 1602, Time: 00:01:43

Health: 0/27       AC:  3    Str: 15    XL:     3   Next: 62%
Magic:  5/6        EV: 11    Int: 12    God:
Gold:   12         SH:  0    Dex: 11    Spells: 1 memorised, 5 levels left

rFire  x . .     SeeInvis .     a - +0 falchion
rCold  + . .     Gourm    .     b - +0 leather armour
rNeg   + + +     Faith    .     (no shield)
rPois  ∞         Spirit   .     (no helmet)
rElec  .         Dismiss  .     (no cloak)
rCorr  .         Reflect  .     (no gloves)
SustAt .         Harm     .     (no boots)
MR     .....                    d - amulet of inaccuracy (curse)
Stlth  +.........               (no ring)
                                (no ring)

@: infused, not resistant to hostile enchantments, very unstealthy
A: no food or potions, fire vulnerability, cold resistance 1, negative energy
resistance 3, torment resistance, unbreathing
a: no special abilities


You were on level 2 of the Dungeon.
You were not hungry.

You visited 1 branch of the dungeon, and saw 2 of its levels.

You collected 12 gold pieces.

Inventory:

Hand Weapons
 a - a +0 falchion (weapon)
Armour
 b - a +0 leather armour (worn)
Jewellery
 d - a cursed amulet of inaccuracy (around neck)
Scrolls
 e - a scroll of teleportation {unknown}
 f - a scroll of noise {unknown}
Books
 c - a book of Battle

   Spells                             Type                      Level
   a - Infusion                       Charms                       1
   b - Shroud of Golubria             Charms/Translocation         2
   c - Song of Slaying                Charms                       2
   d - Spectral Weapon                Hexes/Charms                 3
   e - Regeneration                   Charms/Necromancy            3


   Skills:
 - Level 2.0 Fighting
 + Level 3.3 Long Blades
 - Level 0.7 Armour
 - Level 0.7 Dodging
 - Level 2.0 Spellcasting
 - Level 2.4 Charms


You had 5 spell levels left.
You knew the following spells:

 Your Spells              Type           Power        Failure   Level  Hunger
a - Infusion              Chrm           #...         14%         1    N/A

Dungeon Overview and Level Annotations

Branches:
Dungeon (2/15)

Altars:


Innate Abilities, Weirdness & Mutations

You do not eat or drink.
Your flesh is vulnerable to fire.
You are immune to poison.
Your flesh is cold resistant.
You are immune to negative energy.
You are immune to unholy pain and torment.
You can survive without breathing.


Message History

The quokka barely misses you.
You completely miss the quokka.
The quokka is lightly wounded.
The quokka bites you.
* * * LOW HITPOINT WARNING * * *
You barely miss the quokka.
The quokka is lightly wounded.
The quokka barely misses you. The quokka bites you.
* * * LOW HITPOINT WARNING * * *
You miss the quokka.
The quokka is lightly wounded.
The quokka barely misses you.
Casting: Infusion
Confirm with . or Enter, or press ? or * to list all spells.
You extend your infusion's duration.
The quokka barely misses you.
Unknown command.
You closely miss the quokka.
The quokka is lightly wounded.
The quokka completely misses you. The quokka bites you.
You die...

#.......#..#
...........# # ###
.##....#..# #.#..
####.#.##
#.#.###########.#.#
#.....†....!....#.#
###.#############.#
#.#####... ..#
#.@r....# ##
#.####### ###


You could see a quokka.

Vanquished Creatures
  A gnoll (D:1)
  An adder (D:1)
  2 oozes (D:1)
  2 dart slugs (D:1)
  A bat (D:1)
  A giant cockroach (D:1)
  2 goblins (D:1)
  5 hobgoblins (D:1)
  2 giant newts (D:1)
  3 kobolds (D:1)
  4 rats
24 creatures vanquished.

Notes
Turn   | Place    | Note
--------------------------------------------------------------
     0 | D:1      | Alarkh the Mummy Skald began the quest for the Orb.
     0 | D:1      | Reached XP level 1. HP: 16/16 MP: 3/3
    44 | D:1      | Reached skill level 2 in Long Blades
    62 | D:1      | Reached XP level 2. HP: 8/22 MP: 1/5
   725 | D:1      | Reached XP level 3. HP: 22/27 MP: 2/6
   819 | D:1      | Reached skill level 3 in Long Blades
  1081 | D:1      | HP: 1/27 [hobgoblin/club (3)]
  1602 | D:2      | Slain by a quokka

Skill      XL: |  1  2  3 |
---------------+----------+-----
Long Blades    | 2 3 |  3.3
Fighting       | |  2.0
Armour         | |  0.7
Dodging        | |  0.7
Spellcasting   | |  2.0
Charms         | |  2.4

Action                   || total
-------------------------++-------
Melee: Falchion          ||   124
 Cast: Infusion          ||    15
Armor: Leather armour    ||    19
Dodge: Dodged            ||    76
